 Dungeon Sprint DCSS version 0.27.0-1-g7a089689b8 (webtiles) character file.

Game seed: 14837778897136001886

19615 Sopht the Fencer (level 12, -2/132 HPs)
             Began as a Minotaur Berserker on Aug 18, 2021.
             Was the Champion of Trog.
             Engulfed by a fire crab's flame (13 damage)
             ... in the Dungeon (Sprint VII: "The Pits").
             The game lasted 00:23:36 (2885 turns).

Sopht the Fencer (Minotaur Berserker)               Turns: 2885, Time: 00:23:36

Health: -2/132     AC: 25    Str: 25    XL:     12   Next: 38%
Magic:  11/11      EV: 17    Int:  4    God:    Trog [******]
Gold:   0          SH:  0    Dex: 12    Spells: 11/11 levels left

rFire    + . .     SeeInvis .   d - +7 hand axe "Yweixune" {vorpal, rCorr}
rCold    . . .     Faith    .   (no shield)
rNeg     . . .     Spirit   .   q - +3 plate armour {Will+}
rPois    .         Reflect  .   (helmet restricted)
rElec    .         Harm     .   o - +0 cloak
rCorr    +         Rampage  .   n - +0 pair of gloves
Will     +++..     NoTele   +   (no boots)
Stlth    ..........             (no amulet)
HPRegen  1.32/turn              b - +3 ring of evasion
MPRegen  0.12/turn              l - +3 ring of evasion

@: strong-willed, regenerating
A: horns 2, retaliatory headbutt, fire resistance 1, screaming 1, subdued magic
1
a: Renounce Religion, Berserk, Trog's Hand, Brothers in Arms


You were in the Dungeon.
You worshipped Trog.
Trog was exalted by your worship.
You visited 1 branch

Inventory:

Hand Weapons
 d - the +7 hand axe "Yweixune" (weapon) {vorpal, rCorr}
   (You took it off a salamander in the Dungeon)

   It inflicts extra damage upon your enemies.
   rCorr:     It protects you from acid and corrosion.
 i - a +2 falchion
 j - a +7 vorpal scimitar
 m - the +2 scimitar "Ogrebane" {vamp, Contam rF- Str+3 Int+5}
   (You found it in the Dungeon)

   It occasionally heals its wielder for a portion of the damage dealt when it
   wounds a living foe.
   Str:       It affects your strength (+3).
   Int:       It affects your intelligence (+5).
   rF:        It makes you vulnerable to fire.
   Contam:    It causes magical contamination when unequipped.
 p - a +6 great sword of flaming
Armour
 n - a +0 pair of gloves (worn)
 o - a +0 cloak (worn)
 q - a +3 plate armour of willpower (worn)
Jewellery
 b - a +3 ring of evasion (left hand)
 l - a +3 ring of evasion (right hand)
Scrolls
 h - a scroll of blinking
Potions
 a - 2 potions of invisibility
 c - 5 potions of curing
 e - a potion of haste
 f - 4 potions of magic
 g - 5 potions of berserk rage
Miscellaneous
 k - a condenser vane


   Skills:
 + Level 19.7 Fighting
 + Level 20.9 Long Blades
 + Level 0.2 Axes
 + Level 19.4 Armour
 + Level 9.5 Dodging
 + Level 2.0 Stealth


You had 11 spell levels left.
You didn't know any spells.
Your spell library was empty.

Dungeon Overview and Level Annotations

Branches:
Dungeon (1/1)

Altars:
Ashenzari
Cheibriados
Dithmenos
Elyvilon
Fedhas
Gozag
Hepliaklqana
Kikubaaqudgha
Makhleb
Nemelex Xobeh
Okawaru
Qazlal
Ru
Sif Muna
Trog
Uskayaw
Vehumet
Wu Jian
Xom
Yredelemnul
Zin
The Shining One
Beogh
Jiyva
Lugonu


Innate Abilities, Weirdness & Mutations

You have a pair of horns on your head.
You reflexively headbutt those who attack you in melee.
Your flesh is heat resistant. (rF+)
You occasionally shout uncontrollably at your foes.
Your spells are a little easier to cast, but a little less powerful.


Message History

You closely miss the sun demon. You hit the fire crab.
The sun demon completely misses you. The fire crab closely misses you.
You furiously retaliate!
You headbutt the fire crab.
The fire crab claws you but does no damage.
The sun demon hits you but does no damage.
The eye of devastation gazes at you. The bolt of energy hits you!!
* * * LOW HITPOINT WARNING * * *
You slash the eye of devastation!
The eye of devastation is severely wounded.
You closely miss the sun demon. You slash the fire crab!
The fire crab misses you. The fire crab claws you!
* * * LOW HITPOINT WARNING * * *
You are engulfed in flames!
You resist.
* * * LOW HITPOINT WARNING * * *
The sun demon completely misses you. You furiously retaliate!
You headbutt the sun demon! The fire crab closely misses you.
The fire crab completely misses you. The eye of devastation gazes at you.
The bolt of energy misses you.
You hit the eye of devastation. You headbutt the eye of devastation!
You kill the eye of devastation!
Trog accepts your kill.
You hit the sun demon. You hit the fire crab.
The sun demon hits you but does no damage.
The fire crab misses you. x2; The sun demon completely misses you.
You furiously retaliate!
You headbutt the sun demon. You barely miss the sun demon.
You headbutt the sun demon!
The sun demon is almost dead.
You hit the fire crab but do no damage. The fire crab breathes flames at you.
The blast of flame engulfs you but does no damage.
The sun demon closely misses you.
Unknown command.
Unknown command.
You barely miss the sun demon. Your headbutt misses the sun demon.
The sun demon is almost dead.
You hit the fire crab but do no damage.
You are engulfed in blazing flames.
You resist.
You die...

##++### #####++### .......####
#.........
..##..t°°.#####.........
......3@°....''..#....#.
.....°°°°....''.........
###############.........
#######################..#....#.
#....................''..)......
#....................''.........
#..###########+####..##..#....#.
#..# #..##......... #..#
#..##.........


You could see a sun demon and a fire crab.

Vanquished Creatures
  A deep elf blademaster (D)
  A fire giant (D)
  Nessos (D)
  A great orb of eyes (D)
  A vault guard (D)
  A naga warrior (D)
  An alligator (D)
  An ogre mage (D)
  4 two-headed ogres (D)
  A soul eater (D)
  A salamander (D)
  An eye of devastation (D)
  A black mamba (D)
  A smoke demon (D)
  A guardian serpent (D)
  A kobold demonologist (D)
  An ice devil (D)
  A hornet (D)
  6 blink frogs (D)
  2 flying skulls (D)
  A spriggan (D)
  A ynoxinul (D)
  A redback (D)
  A water elemental (D)
  A wyvern (D)
  A basilisk (D)
  2 water moccasins (D)
  3 nagas (D)
  A floating eye (D)
  A swamp drake (D)
  An ogre (D)
  A necrophage (D)
  A phantom (D)
  A bullfrog (D)
  A gnoll sergeant (D)
  2 scorpions (D)
  A quasit (D)
  2 iron imps (D)
  An iguana (D)
  A hell rat (D)
  An adder (D)
  An ufetubus (D)
  A bat skeleton (D)
  An endoplasm (D)
  2 giant cockroaches (D)
  A hobgoblin (D)
  8 jackals (D)
  2 quokkas (D)
  A giant cockroach zombie (D)
  A rat (D)
73 creatures vanquished.

Vanquished Creatures (collateral kills)
  A boulder beetle (D)
  A bog body (D)
  An orc knight (D)
  2 deep elf zephyrmancers (D)
  A guardian serpent (D)
  A black mamba (D)
  An unseen horror (D)
  A rime drake (D)
  An efreet (D)
  2 ice devils (D)
  A jumping spider (D)
  2 blink frogs (D)
  A hornet (D)
  A spriggan (D)
  3 vampire mosquitoes (D)
  A warg (D)
  2 orc warriors (D)
  A swamp drake (D)
  A necrophage (D)
  An ogre (D)
  A kobold brigand (D)
  A gnoll sergeant (D)
  A small abomination (D)
  A mummy (D)
  5 gnolls (D)
  A worm (D)
  2 orcs (D)
  2 jackals (D)
40 creatures vanquished.

Vanquished Creatures (others)
  An ogre (D)
  An orc (D)
  A jackal simulacrum (D)
3 creatures vanquished.

Grand Total: 116 creatures vanquished

Notes
Turn   | Place    | Note
-------+----------+-------------------------------------------
     0 | D        | Sopht the Minotaur Berserker began the quest for the Orb.
     0 | D        | Reached XP level 1. HP: 19/19 MP: 0/0
    14 | D        | Reached skill level 4 in Long Blades
    57 | D        | Found a bloodstained altar of Trog.
    57 | D        | Found a shimmering blue altar of Sif Muna.
    57 | D        | Found a viscous altar of Jiyva.
    57 | D        | Found a hazy altar of Hepliaklqana.
    57 | D        | Found an opulent altar of Gozag.
    58 | D        | Found a glowing golden altar of the Shining One.
    58 | D        | Found a glowing silver altar of Zin.
    58 | D        | Found a basalt altar of Yredelemnul.
    58 | D        | Found a shimmering altar of Xom.
    58 | D        | Found an ornate altar of the Wu Jian Council.
    58 | D        | Found a sacrificial altar of Ru.
    58 | D        | Found a stormy altar of Qazlal.
    58 | D        | Found an iron altar of Okawaru.
    58 | D        | Found a sparkling altar of Nemelex Xobeh.
    58 | D        | Found a burning altar of Makhleb.
    58 | D        | Found a blossoming altar of Fedhas.
    58 | D        | Found a white marble altar of Elyvilon.
    58 | D        | Found a shadowy altar of Dithmenos.
    58 | D        | Found a snail-covered altar of Cheibriados.
    64 | D        | Found a radiant altar of Vehumet.
    64 | D        | Found a corrupted altar of Lugonu.
    65 | D        | Found a hide-covered altar of Uskayaw.
    65 | D        | Found an ancient bone altar of Kikubaaqudgha.
    65 | D        | Found a broken altar of Ashenzari.
    93 | D        | Reached ** piety under Trog
   105 | D        | Reached XP level 2. HP: 3/28 MP: 1/1
   105 | D        | HP: 2/42 [poisoned by an adder]
   245 | D        | Noticed a scorpion
   251 | D        | Reached skill level 5 in Fighting
   251 | D        | Reached skill level 6 in Long Blades
   251 | D        | Reached XP level 3. HP: 35/37 MP: 2/2
   252 | D        | Reached *** piety under Trog
   256 | D        | Killed a scorpion
   257 | D        | Reached skill level 7 in Long Blades
   257 | D        | Reached XP level 4. HP: 33/47 MP: 3/3
   320 | D        | Reached **** piety under Trog
   394 | D        | Noticed a flying skull
   405 | D        | Killed a flying skull
   406 | D        | Reached skill level 9 in Long Blades
   406 | D        | Reached skill level 5 in Armour
   406 | D        | Reached skill level 5 in Dodging
   406 | D        | Reached XP level 5. HP: 44/57 MP: 4/4
   406 | D        | Reached XP level 6. HP: 49/63 MP: 5/5
   564 | D        | Noticed a water moccasin
   567 | D        | Reached skill level 10 in Long Blades
   567 | D        | Reached skill level 1 in Stealth
   569 | D        | Reached skill level 10 in Fighting
   569 | D        | Reached skill level 11 in Long Blades
   577 | D        | Killed a water moccasin
   577 | D        | Reached ***** piety under Trog
   584 | D        | Reached XP level 7. HP: 49/73 MP: 6/6
   592 | D        | Paralysed by a floating eye for 4 turns
   598 | D        | Reached skill level 12 in Long Blades
   714 | D        | Noticed a spriggan
   719 | D        | Killed a spriggan
   769 | D        | Gained mutation: Your spells are a little easier to cast,
                  | but a little less powerful. [potion of mutation]
   769 | D        | Gained mutation: Your flesh is heat resistant. (rF+)
                  | [potion of mutation]
   769 | D        | Gained mutation: You occasionally shout uncontrollably at
                  | your foes. [potion of mutation]
   774 | D        | Got the +2 scimitar "Ogrebane" {vamp, Contam rF- Str+3
                  | Int+5}
   826 | D        | Received a gift from Trog
   827 | D        | Reached skill level 13 in Long Blades
   832 | D        | Reached XP level 8. HP: 79/83 MP: 7/7
   892 | D        | Noticed a flying skull
   899 | D        | Killed a flying skull
   900 | D        | Noticed an ice devil
   917 | D        | Killed an ice devil
   918 | D        | Reached skill level 14 in Long Blades
  1082 | D        | Reached ****** piety under Trog
  1188 | D        | Noticed a deep elf zephyrmancer
  1188 | D        | Noticed a spriggan rider
  1188 | D        | Noticed a deep elf zephyrmancer
  1188 | D        | Noticed an ice devil
  1216 | D        | Killed an ice devil
  1218 | D        | Killed a deep elf zephyrmancer
  1219 | D        | Reached skill level 10 in Armour
  1221 | D        | Reached skill level 15 in Long Blades
  1221 | D        | Reached XP level 9. HP: 54/93 MP: 8/8
  1225 | D        | Killed a deep elf zephyrmancer
  1263 | D        | Noticed a black mamba
  1265 | D        | Killed a black mamba
  1265 | D        | Received a gift from Trog
  1272 | D        | Killed an unseen horror
  1276 | D        | Reached skill level 16 in Long Blades
  1314 | D        | Noticed a guardian serpent
  1318 | D        | Killed a guardian serpent
  1329 | D        | Noticed an ice devil
  1331 | D        | Received a gift from Trog
  1332 | D        | Killed an ice devil
  1333 | D        | Reached XP level 10. HP: 52/104 MP: 9/9
  1340 | D        | Noticed a black mamba
  1350 | D        | Killed a black mamba
  1351 | D        | Reached skill level 17 in Long Blades
  1356 | D        | Received a gift from Trog
  1393 | D        | Noticed a bog body
  1393 | D        | Noticed a two-headed ogre
  1393 | D        | Noticed a great orb of eyes
  1424 | D        | Killed a bog body
  1455 | D        | Paralysed by a great orb of eyes for 4 turns
  1461 | D        | Killed a great orb of eyes
  1462 | D        | Reached skill level 15 in Fighting
  1468 | D        | Noticed an ogre mage
  1476 | D        | Killed an ogre mage
  1476 | D        | Received a gift from Trog
  1477 | D        | Reached skill level 15 in Armour
  1477 | D        | Noticed a two-headed ogre
  1477 | D        | Noticed a two-headed ogre
  1477 | D        | Noticed a two-headed ogre
  1485 | D        | Killed a two-headed ogre
  1486 | D        | Reached skill level 18 in Long Blades
  1491 | D        | Killed a two-headed ogre
  1492 | D        | Reached XP level 11. HP: 100/114 MP: 6/10
  1494 | D        | Killed a two-headed ogre
  1576 | D        | Received a gift from Trog
  1612 | D        | Killed a two-headed ogre
  1851 | D        | Reached skill level 19 in Long Blades
  1869 | D        | Noticed an orc knight
  1874 | D        | Killed an orc knight
  1876 | D        | Received a gift from Trog
  1895 | D        | Noticed a boulder beetle
  1898 | D        | Noticed Nessos
  1902 | D        | Killed Nessos
  1903 | D        | Killed a boulder beetle
  2089 | D        | Noticed an alligator
  2094 | D        | Received a gift from Trog
  2098 | D        | Killed an alligator
  2111 | D        | Noticed a vault guard
  2133 | D        | Killed a vault guard
  2262 | D        | Noticed a naga warrior
  2263 | D        | Identified the +7 hand axe "Yweixune" {vorpal, rCorr}
  2263 | D        | Noticed a fire giant
  2282 | D        | Killed a fire giant
  2283 | D        | Reached skill level 20 in Long Blades
  2283 | D        | Reached XP level 12. HP: 18/128 MP: 11/11
  2284 | D        | Received a gift from Trog
  2328 | D        | Killed a naga warrior
  2458 | D        | Noticed a deep elf blademaster
  2478 | D        | HP: 8/190 [deep elf blademaster (6)]
  2480 | D        | HP: 1/195 [deep elf blademaster (8)]
  2483 | D        | Killed a deep elf blademaster
  2885 | D        | Engulfed by a fire crab's flame

Illustrated notes

Levels and vault maps discovered:
D:        pitsprint [storerooms_1, entrance_room_1, metal_vault_3, armoury_2,
          mini_pit_1, grid_room_1, main_hall_1, silver_pit, the_coven_1,
          the_vestibule_1, steel_vault_1, golden_pit, hallway_of_sentries,
          crystal_vault_4, iron_vault_3, final_vault]

Skill      XL: |  1  2  3  4  5  6  7  8  9 10 11 12 |
---------------+-------------------------------------+-----
Fighting       | 4 5 7 9 10 12 13 14 16 18 19 | 19.7
Long Blades    | 4 6 7 9 11 13 15 16 18 20 | 20.9
Dodging        | 3 4 5 6 7 8 9 |  9.5
Armour         | 3 4 5 6 8 10 13 16 18 19 | 19.4
Stealth        | 1 2 |  2.0
Axes           | |  0.2

Action                   |  1- 3 |  4- 6 |  7- 9 | 10-12 || total
-------------------------+-------+-------+-------+-------++-------
Melee: Falchion          |    28 |    34 |    25 |       ||    87
       Headbutt          |     1 |     5 |    15 |    35 ||    56
       Scimitar          |       |       |    41 |   139 ||   180
       Hand axe          |       |       |       |    11 ||    11
Invok: Berserk           |     2 |     1 |       |     4 ||     7
       Trog's Hand       |     1 |       |       |    12 ||    13
       Brothers in Arms  |       |       |     6 |     6 ||    12
  Use: Potion            |       |       |     6 |     8 ||    14
       Scroll            |       |       |     1 |       ||     1
Armor: Animal skin       |     3 |     2 |       |       ||     5
       Plate armour      |       |    14 |    28 |    82 ||   124
Dodge: Dodged            |    17 |    10 |    45 |   146 ||   218
       Rpst.: Falchion   |     4 |     2 |     1 |       ||     7
       Scimitar          |       |       |     7 |    23 ||    30
